 Dungeon Crawl Stone Soup version 0.28-a0-612-gcfc00ec14d (webtiles) character file.

Game seed: 14045941681532288433

723 Spaninq the Caller (level 7, -3/56 HPs)
             Began as a Demigod Summoner on Oct 5, 2021.
             Slain by a gnoll (4 damage)
             ... on level 4 of the Dungeon.
             The game lasted 00:19:41 (4593 turns).

Spaninq the Caller (Demigod Summoner)               Turns: 4593, Time: 00:19:42

Health: -3/56      AC:  6    Str:  9    XL:     7   Next: 19%
Magic:  17/17      EV: 12    Int: 25    God:
Gold:   169        SH:  0    Dex: 14    Spells: 4/14 levels left

rFire   . . .      SeeInvis +   e - +0 spear
rCold   . . .      Faith    .   (no shield)
rNeg    . . .      Spirit   .   x - +1 robe of Yqi Cuficw {SInv}
rPois   .          Reflect  .   p - +2 hat
rElec   .          Harm     .   (no cloak)
rCorr   .          Rampage  .   (no gloves)
Will    .....                   i - +0 pair of boots
Stlth   ++........              (no amulet)
HPRegen 0.18/turn               (no ring)
MPRegen 0.15/turn               (no ring)

@: no status effects
A: high mp 1, forlorn
a: no special abilities


You were on level 4 of the Dungeon.
You visited 1 branch of the dungeon, and saw 4 of its levels.
You also visited: Ossuary.

You collected 169 gold pieces.

Inventory:

Hand Weapons
 e - a +0 spear (weapon)
 z - a +5 dagger of venom
Missiles
 t - 24 stones
Armour
 i - a +0 pair of boots (worn)
 p - a +2 hat (worn)
 x - the +1 robe of Yqi Cuficw (worn) {SInv}
   (You found it on level 4 of the Dungeon)

   SInv:      It lets you see invisible.
Jewellery
 q - a ring of ice
Wands
 a - a wand of flame (12)
 A - a wand of polymorph (1)
Scrolls
 c - a scroll of enchant weapon {unknown}
 g - 3 scrolls of fear {unknown}
 h - 2 scrolls of identify {unknown}
 j - 2 scrolls of enchant armour {unknown}
 l - 4 scrolls of teleportation {unknown}
 u - a scroll of acquirement {unknown}
 v - a scroll of fog {unknown}
 y - a scroll of vulnerability {unknown}
 B - a scroll of blinking {unknown}
Potions
 b - 2 potions of brilliance {unknown}
 d - 4 potions of curing
 f - a potion of lignification {unknown}
 k - a potion of berserk rage {unknown}
 m - a potion of cancellation {unknown}
 n - a potion of degeneration {unknown}
 o - 2 potions of heal wounds {unknown}
 r - 2 potions of magic
 s - 2 potions of mutation {unknown}
 w - a potion of flight {unknown}


   Skills:
 + Level 2.8 Fighting
 - Level 1.7 Dodging
 - Level 1.7 Stealth
 * Level 4.4 Spellcasting
 * Level 5.8 Summonings
 * Level 2.1 Air Magic


You had 4 spell levels left.
You knew the following spells:

 Your Spells              Type           Power      Damage    Failure   Level
a - Summon Small Mammal   Summ           100%       N/A       1%          1
b - Call Imp              Summ           34%        N/A       1%          2
c - Call Canine Familiar  Summ           34%        N/A       2%          3
d - Summon Lightning Spi  Summ/Air       25%        N/A       17%         4

Your spell library contained the following spells:

 Spells                   Type           Power      Damage    Failure   Level
 Summon Guardian Golem    Hex/Summ       20%        N/A       8%          3
 Foxfire                  Conj/Fire      20%        2x1d5     9%          1
 Conjure Flame            Conj/Fire      5%         6-21      26%         3
 Inner Flame              Hex/Fire       5%         N/A       26%         3
 Flame Wave               Conj/Fire      5%         3d4       65%         4


Dungeon Overview and Level Annotations

Branches:
Dungeon (4/15)            Ossuary (visited)
 Temple: D:4-7

Annotations:
D:4 Edmund


Innate Abilities, Weirdness & Mutations

Your attributes grow dramatically as you level up.
You have an increased reservoir of magic. (+10% MP)
You shall have no god before yourself.


Message History

You see here a throwing net.
You struggle against the net.
The gnoll hits you from afar with a +0 spear.
The gnoll hits you with a +0 whip.
Edmund says, "Everyone always remembers my brother. 'Who's Edmund?' they ask!"
Edmund hits you with a +6 flail of holy wrath!
You struggle against the net.
The gnoll hits you with a +0 whip. The gnoll barely misses you.
Edmund barely misses you. The gnoll barely misses you.
You shred the net and break free!
The gnoll throws a throwing net.
The throwing net closely misses you. The gnoll closely misses you.
The gnoll completely misses you.
Edmund hits you with a +6 flail of holy wrath!
The gnoll hits you with a +0 whip.
The gnoll throws a throwing net.
The throwing net hits you.
You become entangled in the net!
The gnoll barely misses you.
You see here a throwing net.
You struggle against the net.
The gnoll hits you with a +0 club. The gnoll hits you with a +0 whip.
The gnoll hits you but does no damage.
You struggle against the net.
The gnoll barely misses you.
The gnoll hits you from afar with a +0 spear.
The gnoll hits you with a +0 club.
* * * LOW HITPOINT WARNING * * *
The gnoll hits you with a +0 whip.
* * * LOW HITPOINT WARNING * * *
You shred the net and break free! The gnoll hits you but does no damage.
The gnoll closely misses you. The gnoll hits you with a +0 whip.
* * * LOW HITPOINT WARNING * * *
The gnoll barely misses you.
The gnoll closely misses you. x2; The gnoll hits you but does no damage.
The gnoll shaman calls upon its god to speed up the gnoll.
The gnoll seems to speed up.
The gnoll hits you with a +0 whip!
* * * LOW HITPOINT WARNING * * *
Okay, then.
Okay, then.
It was a potion of magic.
Magic courses through your body. The gnoll closely misses you.
The gnoll barely misses you.
The gnoll hits you from afar with a +0 spear.
You die...

####.###.......##.## ##..
##.#...##.......###.###.##
#.......#.>.....# ##.#.##
##.#...##.......# ##.##
####.##.####.#.##.# ### §
#............#..#.#### ..
## #....####....##.#....#
... .#####....#
#..g.##.#..### ....
.#........# #..@gg@....###
.§..≈ .#.###.####
#.###.........#≈.g..≈
.......# #.#
#g##.#..#.'g..g.§ .......#
#.# #g.<....#.g@....≈
.#.##..# .#
####.#....####§....≈
.#....... #....#..#.#
≈g...≈ .##.......
#....#.##.# ≈.... .#
......[####.........#
≈≈... ..
..................#######
≈§§.


You could see Edmund and 5 gnolls.

Vanquished Creatures
  A water moccasin zombie (Ossuary)
  2 orc wizards (D:4)
  An adder zombie (Ossuary)
  A dart slug (D:3)
  4 ball pythons
  A bat (D:1)
  3 endoplasms
  A giant cockroach (D:1)
  3 goblins
  2 hobgoblins
  2 kobolds
  An orc zombie (Ossuary)
  5 rats
  A spectral goblin (D:1)
28 creatures vanquished.

Vanquished Creatures (collateral kills)
  Duvessa (D:4)
  An ogre (D:3)
  2 water moccasin zombies (Ossuary)
  Dowan (D:4)
  A hound (D:4)
  2 orc priests (D:4)
  An iguana (D:4)
  2 mummies (Ossuary)
  3 adders
  2 adder zombies (Ossuary)
  A worm (D:4)
  6 orcs (D:4)
  5 ball pythons
  4 endoplasms
  4 giant cockroaches
  7 goblins
  3 hobgoblins (D:2)
  A quokka (D:3)
  2 bats (D:1)
  A gnoll zombie (Ossuary)
  3 hobgoblin zombies (Ossuary)
  2 kobolds (D:1)
  8 kobold zombies (Ossuary)
  6 orc zombies (Ossuary)
  A rat (D:1)
70 creatures vanquished.

Grand Total: 98 creatures vanquished

Notes
Turn   | Place    | Note
-------+----------+-------------------------------------------
     0 | D:1      | Spaninq the Demigod Summoner began the quest for the Orb.
     0 | D:1      | Reached XP level 1. HP: 14/14 MP: 5/5
   268 | D:1      | Reached XP level 2. HP: 20/22 MP: 5/7
   306 | D:1      | Learned a level 2 spell: Call Imp
   855 | D:1      | Reached skill level 4 in Summonings
  1273 | D:2      | Reached XP level 3. HP: 15/27 MP: 1/9
  1285 | D:2      | Reached skill level 1 in Fighting
  1616 | D:2      | Learned a level 3 spell: Call Canine Familiar
  2272 | D:3      | Noticed an ogre
  2298 | D:3      | Killed an ogre
  2299 | D:3      | Reached XP level 4. HP: 28/35 MP: 3/11
  2905 | D:4      | Found a sand-covered staircase.
  2920 | Ossuary  | Entered an ossuary
  2963 | Ossuary  | Reached XP level 5. HP: 39/41 MP: 4/13
  3121 | Ossuary  | Reached skill level 5 in Summonings
  3355 | Ossuary  | Reached XP level 6. HP: 35/48 MP: 7/14
  3361 | Ossuary  | Learned a level 4 spell: Summon Lightning Spire
  3658 | D:4      | Identified the +1 robe of Yqi Cuficw {SInv}
  3757 | D:4      | Reached skill level 1 in Air Magic
  4026 | D:4      | Noticed Duvessa
  4026 | D:4      | Noticed Dowan
  4047 | D:4      | Killed Duvessa
  4049 | D:4      | Killed Dowan
  4050 | D:4      | Reached XP level 7. HP: 56/56 MP: 5/16
  4573 | D:4      | Noticed Edmund
  4592 | D:4      | HP: 1/56 [gnoll (7)]
  4593 | D:4      | Slain by a gnoll

Illustrated notes

Levels and vault maps discovered:
D:1:      dpeg_arrival_prison, layout_basic,
          dreamdust_ecumenical_altar_drowned_temple,
          chequers_serial_rivers_micro_d
D:2:      layout_loops_ring, small_statue_intersection
D:3:      layout_rooms, mainiacjoe_overflow_concentric_impassable,
          evilmike_ruin_ashenzari, minmay_ogre_servants
D:4:      layout_loops_cross, kennysheep_little_box,
          nicolae_ossuary_entry_ruins, minivault_24, kennysheep_big_empty_room,
          minmay_fractal_squares_5, uniq_duvessa, uniq_crazy_yiuf_cottage,
          uniq_edmund

Skill      XL: |  1  2  3  4  5  6  7 |
---------------+----------------------+-----
Spellcasting   | 2 3 4 |  4.4
Summonings     | 4 5 |  5.8
Fighting       | 1 2 |  2.8
Air Magic      | 1 2 |  2.1
Dodging        | |  1.7
Stealth        | |  1.7

Action                   |  1- 3 |  4- 6 |  7- 9 || total
-------------------------+-------+-------+-------++-------
Melee: Unarmed           |    17 |       |       ||    17
       Spear             |    57 |    84 |    28 ||   169
 Cast: Summon Small Mamm |    56 |    24 |     5 ||    85
       Call Imp          |    14 |    15 |     4 ||    33
       Call Canine Famil |     1 |     9 |     4 ||    14
  Use: Potion            |       |       |     1 ||     1
 Stab: Distracted        |     3 |     2 |       ||     5
       Sleeping          |     1 |     4 |       ||     5
Armor: Robe              |    23 |     9 |    11 ||    43
Dodge: Dodged            |    61 |    23 |    22 ||   106

Table legend: (Time is in decaauts)
 A = Elapsed time spent in this place.
 B = Non-inter-level travel time spent in this place.
 C = Inter-level travel time spent in this place.
 D = Time resting spent in this place.
 E = Time spent auto-exploring this place.
 F = Levels seen in this place.
 G = Mean time per level.
                   A        B        C        D        E       F      G
               +--------+--------+--------+--------+--------+-----+--------+
         Total |   4625 |   4559 |     66 |    843 |   2660 |   5 |  925.0 |
       Dungeon |   3904 |   3838 |     66 |    369 |   2660 |   4 |  976.0 |
       Ossuary |    721 |    721 |      0 |    474 |      0 |   1 |  721.0 |
               +--------+--------+--------+--------+--------+-----+--------+

Top non-repeatable levels by time:
     D:2: 1236 daAuts
     D:4: 998 daAuts
     D:1: 963 daAuts
 Ossuary: 721 daAuts
     D:3: 705 daAuts
